AoeStats
← MLGGandalf

Nomad

506387487Analyzed
2v2 RM · 17d ago on Sep 13, 2026· 58m 18s· 4 players
Game mode
Random Map
Map size
176×176
Population
200
Speed
Normal
Resources
Standard
Victory
Conquest
Starting age
Dark Age
Ending age
Imperial Age
RankedLock teamsTeams togetherTeam positionsShared explorationLock speedFull tech treeHidden civsTurbo modeCheats
Victory
Defeat
🇧🇷 Vietnamese · Brazil
1130
+16
🇺🇸 Persians · United States
1069
+19
🇳🇱 Vietnamese · Netherlands
1147
-18
🇳🇱 Hindustanis · Netherlands
1116
-17
MLGGandalf
3:20 Loom
13:48 Feudal Age
20:43 Castle Age
20:09 Fletching
23:11 Bodkin Arrow
24:14 Double-Bit Axe
24:11 Horse Collar
25:11 Scale Barding Armor
26:15 Medium Warships
34:42 Wheelbarrow
35:20 Town Watch
37:13 Chain Barding Armor
40:47 Bow Saw
40:40 Padded Archer Armor
40:42 Elite Skirmisher
42:27 Thumb Ring
45:32 Ballistics
45:12 Gold Mining
45:22 Heavy Plow
45:35 Light Cavalry
49:29 Bloodlines
55:15 Imperial Age
56:02 Imperial Skirmisher
Tapi
7:02 Loom
13:46 Feudal Age
13:49 Man-at-Arms
22:57 Castle Age
21:33 Double-Bit Axe
21:47 Horse Collar
23:39 Fletching
27:55 Scale Barding Armor
30:09 Gold Mining
30:23 Heavy Plow
33:16 Medium Warships
33:17 Town Watch
34:10 Wheelbarrow
39:58 Imperial Age
38:40 Hand Cart
38:43 Bodkin Arrow
40:31 Padded Archer Armor
40:52 Bracer
43:11 Chemistry
44:37 Ballistics
48:43 Demolition Ship
49:06 Fishing Lines
53:49 Crossbowman
54:35 Thumb Ring
57:07 Town Watch
Mandinga
7:17 Loom
13:49 Feudal Age
15:19 Double-Bit Axe
18:01 Wheelbarrow
18:04 Fletching
18:16 Padded Archer Armor
18:18 Town Watch
20:56 Castle Age
19:00 Padded Archer Armor
19:43 Horse Collar
19:56 Gold Mining
21:46 Bodkin Arrow
22:36 Heavy Plow
23:01 Medium Warships
29:17 Scale Mail Armor
31:38 Ballistics
35:18 Imperial Age
35:06 Bow Saw
34:48 Stone Mining
35:46 Hand Cart
36:05 Bracer
37:45 Chemistry
37:38 Leather Archer Armor
38:18 Paper Money
41:10 Thumb Ring
42:02 Hoardings
44:11 Ring Archer Armor
44:14 Elite Rattan Archer
46:00 Scale Barding Armor
46:33 Bloodlines
47:07 Chain Barding Armor
47:05 Husbandry
49:07 Light Cavalry
51:40 Plate Barding Armor
54:23 Siege Engineers
54:09 Guard Tower
57:09 Forging
Dumb_Armadillo
5:29 Loom
13:09 Feudal Age
14:29 Town Watch
15:19 Wheelbarrow
14:43 Double-Bit Axe
15:03 Man-at-Arms
17:08 Bloodlines
18:13 Scale Barding Armor
18:18 Forging
27:54 Fletching
30:34 Castle Age
29:51 Fletching
44:45 Husbandry
46:13 Horse Collar
48:24 Chain Barding Armor
48:39 Iron Casting
49:03 Heavy Plow
49:42 Bow Saw
51:20 Hand Cart
55:07 Gold Mining
60:34 Imperial Age
Connection lost

Rejoining the realm…

Still unreachable

The connection could not be restored.

Session expired

The server has moved on; the page needs a fresh start.